 Dungeon Crawl Stone Soup version 0.28-a0-991-g956f0ee3d5 (webtiles) character file.

Game seed: 9791220875007839160

107 GregHouse the Chopper (level 4, -2/41 HPs)
             Began as a Hill Orc Monk on Dec 5, 2021.
             Slain by a gnoll (12 damage)
             ... on level 3 of the Dungeon.
             The game lasted 00:08:58 (2614 turns).

GregHouse the Chopper (Hill Orc Monk)               Turns: 2614, Time: 00:08:58

Health: -2/41      AC: 11    Str: 15    XL:     4   Next: 86%
Magic:  4/4        EV: 10    Int: 10    God:
Gold:   58         SH:  0    Dex: 13    Spells: 3/3 levels left

rFire   . . .      SeeInvis .   a - +0 hand axe
rCold   . . .      Faith    .   (no shield)
rNeg    . . .      Spirit   .   l - +0 scale mail
rPois   .          Reflect  .   q - +0 helmet
rElec   .          Harm     .   (no cloak)
rCorr   .          Rampage  .   g - +0 pair of gloves
Will    .....                   m - +2 pair of boots
Stlth   ..........              (no amulet)
HPRegen 0.13/turn               (no ring)
MPRegen 0.09/turn               (no ring)

@: no status effects
A: no striking features
a: no special abilities


You were on level 3 of the Dungeon.
You visited 1 branch of the dungeon, and saw 3 of its levels.

You collected 58 gold pieces.

Inventory:

Hand Weapons
 a - a +0 hand axe (weapon)
Missiles
 i - 51 stones (quivered)
Armour
 g - a +0 pair of gloves (worn)
 l - a +0 scale mail (worn)
 m - a +2 pair of boots (worn)
 q - a +0 helmet (worn)
Jewellery
 e - a ring of willpower
Scrolls
 b - 3 scrolls of summoning {unknown}
 f - a scroll of identify {unknown}
 k - a scroll of teleportation {unknown}
 n - a scroll of brand weapon {unknown}
Potions
 d - a potion of haste {unknown}
 h - a potion of mutation {unknown}
 j - a potion of heal wounds {unknown}
 o - a potion of attraction {unknown}


   Skills:
 + Level 4.3 Fighting
 + Level 5.3 Axes
 + Level 1.8 Armour
 + Level 2.9 Dodging
 + Level 1.8 Stealth


You had 3 spell levels left.
You didn't know any spells.
Your spell library was empty.

Dungeon Overview and Level Annotations

Branches:
Dungeon (3/15)

Altars:


Message History

The gnoll is severely wounded.
The gnoll barely misses you.
You hit the gnoll but do no damage.
The gnoll is severely wounded.
The gnoll hits you with a +0 whip.
You hit the gnoll.
You kill the gnoll!
Things that are here:
a +0 whip; a gnoll corpse You start resting.
HP restored.
Things that are here:
a +0 whip; a gnoll corpse A gnoll comes into view.
It is wielding a +0 halberd.
The gnoll barely misses you. The gnoll hits you with a +0 halberd.
You hit the gnoll but do no damage. The gnoll barely misses you.
You hit the gnoll.
The gnoll is heavily wounded.
The gnoll completely misses you.
You barely miss the gnoll.
The gnoll is heavily wounded.
The gnoll hits you with a +0 halberd!
You closely miss the gnoll.
The gnoll is heavily wounded.
The gnoll hits you with a +0 halberd.
You closely miss the gnoll.
The gnoll is heavily wounded.
The gnoll hits you with a +0 halberd.
You closely miss the gnoll.
The gnoll is heavily wounded.
The gnoll closely misses you. The gnoll barely misses you.
You hit the gnoll but do no damage.
The gnoll is heavily wounded.
The gnoll hits you with a +0 halberd!
* * * LOW HITPOINT WARNING * * *
You hit the gnoll.
The gnoll is almost dead.
The gnoll hits you with a +0 halberd!
You die...

#.##########.#
#.#.......#....#
#.#######.#.####
#. #.#.# #
##.#######.#.#
#.##........#)#.#
............#.#.#
#.........#.#.#
#.........g@#.#
##........###.#
............#
#.#####
####........#
#.....#
##.#######
#####.# ## #.#
#)# #.# #<#


You could see a gnoll.

Vanquished Creatures
  Robin (D:2)
  2 gnolls (D:3)
  2 adders (D:2)
  A worm (D:2)
  2 dart slugs
  6 ball pythons
  2 endoplasms (D:2)
  A giant cockroach (D:2)
  13 goblins
  8 hobgoblins
  4 kobolds
  3 quokkas
  2 bats (D:1)
  3 rats
50 creatures vanquished.

Notes
Turn   | Place    | Note
-------+----------+-------------------------------------------
     0 | D:1      | GregHouse the Hill Orc Monk began the quest for the Orb.
     0 | D:1      | Reached XP level 1. HP: 19/19 MP: 1/1
   181 | D:1      | Reached XP level 2. HP: 27/27 MP: 2/2
  1107 | D:2      | Reached XP level 3. HP: 33/33 MP: 3/3
  1345 | D:2      | Reached skill level 1 in Armour
  1379 | D:2      | Noticed Robin
  1534 | D:2      | Reached XP level 4. HP: 40/40 MP: 4/4
  1893 | D:2      | Reached skill level 5 in Axes
  1904 | D:2      | Killed Robin
  2130 | D:2      | Found a faded altar of an unknown god.
  2614 | D:3      | Slain by a gnoll

Illustrated notes

Levels and vault maps discovered:
D:1:      scummos_arrival_hexagon, layout_basic, serial_curves, eino_curves_03,
          eino_curves_02, hex_large, chequers_serial_rivers_micro_a
D:2:      layout_loops_cross, chequers_ecumenical_altar_simple_redux,
          minmay_pentomino_o4, uniq_robin
D:3:      layout_basic, chequers_temple_overflow_minitemple

Skill      XL: |  1  2  3  4 |
---------------+-------------+-----
Fighting       | 4 |  4.3
Armour         | 1 |  1.8
Axes           | 5 |  5.3
Dodging        | |  2.9
Stealth        | |  1.8

Action                   |  1- 3 |  4- 6 || total
-------------------------+-------+-------++-------
Melee: Hand axe          |    95 |    59 ||   154
 Stab: Sleeping          |     1 |       ||     1
Armor: Ring mail         |    33 |     1 ||    34
       Robe              |     3 |       ||     3
       Scale mail        |       |    21 ||    21
Dodge: Dodged            |    55 |    24 ||    79

Table legend: (Time is in decaauts)
 A = Elapsed time spent in this place.
 B = Non-inter-level travel time spent in this place.
 C = Inter-level travel time spent in this place.
 D = Time resting spent in this place.
 E = Time spent auto-exploring this place.
 F = Levels seen in this place.
 G = Mean time per level.
                   A        B        C        D        E       F      G
               +--------+--------+--------+--------+--------+-----+--------+
         Total |   2631 |   2506 |    125 |    417 |   1335 |   3 |  877.0 |
       Dungeon |   2631 |   2506 |    125 |    417 |   1335 |   3 |  877.0 |
               +--------+--------+--------+--------+--------+-----+--------+

Top non-repeatable levels by time:
     D:1: 1140 daAuts
     D:2: 1126 daAuts
     D:3: 364 daAuts
